[gd_scene load_steps=29 format=2]

[ext_resource path="res://scenes/acte3/Quai.gd" type="Script" id=1]
[ext_resource path="res://scenes/acte3/Quai_Mur.res" type="TileSet" id=2]
[ext_resource path="res://ressources/acte3/lumiere_neon2.png" type="Texture" id=3]
[ext_resource path="res://generiques/acte3/Passant.tscn" type="PackedScene" id=4]

[sub_resource type="OccluderPolygon2D" id=1]
polygon = PoolVector2Array( -449.46, 3.19548, -192.734, 2.77737, -192.316, 0.686768, -449.042, -0.567581 )

[sub_resource type="OccluderPolygon2D" id=2]
polygon = PoolVector2Array( -129.665, 3.59172, 125.144, 3.12491, 124.463, -0.280701, -130.441, 0.275589 )

[sub_resource type="OccluderPolygon2D" id=3]
polygon = PoolVector2Array( 192.025, 0.230301, 192.422, 2.61357, 448.625, 3.01079, 447.433, -1.35857 )

[sub_resource type="Curve2D" id=4]
_data = {
"points": PoolVector2Array( 0, 0, 0, 0, 146.104, 16.7891, 0, 0, 0, 0, 127.157, -23.2109, 0, 0, 0, 0, 119.923, -32.3336, 0, 0, 0, 0, 106.832, -43.5909, 0, 0, 0, 0, 67.5593, -62.0119, 0, 0, 0, 0, -4.44104, -109.088 )
}

[sub_resource type="Curve2D" id=5]
_data = {
"points": PoolVector2Array( 0, 0, 0, 0, 189.262, -12.6845, 0, 0, 0, 0, 202.946, -55.8423, 0, 0, 0, 0, 202.946, -88.4739, 0, 0, 0, 0, 222.946, -101.105 )
}

[sub_resource type="Curve2D" id=6]
_data = {
"points": PoolVector2Array( 0, 0, 0, 0, 158.436, 17.1493, 0, 0, 0, 0, 172.763, -16.0619, 0, 0, 0, 0, 163.501, -48.1059, 0, 0, 0, 0, 170.26, -81.4017, 0, 0, 0, 0, 125.448, -137.729 )
}

[sub_resource type="Curve2D" id=7]
_data = {
"points": PoolVector2Array( 0, 0, 0, 0, 172.5, 20.9711, 0, 0, 0, 0, 157.024, -33.6008, 0, 0, 0, 0, 136.662, -69.4391, 0, 0, 0, 0, 78.0172, -87.3582, 0, 0, 0, 0, 37.292, -102.834 )
}

[sub_resource type="Curve2D" id=8]
_data = {
"points": PoolVector2Array( 0, 0, 0, 0, 181.459, 16.8986, 0, 0, 0, 0, 187.161, -36.0443, 0, 0, 0, 0, 223.814, -40.1169, 0, 0, 0, 0, 250.692, -40.1169 )
}

[sub_resource type="Curve2D" id=9]
_data = {
"points": PoolVector2Array( 0, 0, 0, 0, -186.134, -3.22581, 0, 0, 0, 0, -223.256, -19.9904, 0, 0, 0, 0, -247.804, -21.7866, 0, 0, 0, 0, -283.95, -28.1, 0, 0, 0, 0, -313.4, -49 )
}

[sub_resource type="Curve2D" id=10]
_data = {
"points": PoolVector2Array( 0, 0, 0, 0, -180.745, -0.830872, 0, 0, 0, 0, -202.899, -23.5829, 0, 0, 0, 0, -231.638, -42.1437, 0, 0, 0, 0, -242.415, -67.2906, 0, 0, 0, 0, -270.556, -86.4502 )
}

[sub_resource type="Curve2D" id=11]
_data = {
"points": PoolVector2Array( 0, 0, 0, 0, -153.204, 2.76155, 0, 0, 0, 0, -177.752, -40.9462, 0, 0, 0, 0, -186.733, -54.1184, 0, 0, 0, 0, -191.523, -73.278, 0, 0, 0, 0, -184.338, -94.2338 )
}

[sub_resource type="Curve2D" id=12]
_data = {
"points": PoolVector2Array( 0, 0, 0, 0, -176.554, 0.965347, 0, 0, 0, 0, -114.286, -24.1816, 0, 0, 0, 0, -75.3679, -34.3601, 0, 0, 0, 0, -52.6159, -31.9652, 0, 0, 0, 0, -29.8639, -44.5386, 0, 0, 0, 0, 9.05396, -56.5134 )
}

[sub_resource type="Curve2D" id=13]
_data = {
"points": PoolVector2Array( 0, 0, 0, 0, -167.573, 1.56409, 0, 0, 0, 0, -169.968, -25.3791, 0, 0, 0, 0, -155, -57.1121, 0, 0, 0, 0, -103.508, -67.8893, 0, 0, 0, 0, -58.6032, -91.8388 )
}

[sub_resource type="Curve2D" id=14]
_data = {
"points": PoolVector2Array( 0, 0, 0, 0, -214.358, 43.2722, 0, 0, 0, 0, -198.108, -0.83316, 0, 0, 0, 0, -203.525, -34.8794, 0, 0, 0, 0, -263.879, -41.8434, 0, 0, 0, 0, -281.676, -48.0336, 0, 0, 0, 0, -313.401, -70.4732, 0, 0, 0, 0, -283, -80.35 )
}

[sub_resource type="Curve2D" id=15]
_data = {
"points": PoolVector2Array( 0, 0, 0, 0, -171.8, 23.9278, 0, 0, 0, 0, -181.085, 0.714417, 0, 0, 0, 0, -191.918, -36.427, 0, 0, 0, 0, -210.489, -55.7714, 0, 0, 0, 0, -228.286, -96.7817 )
}

[sub_resource type="Curve2D" id=16]
_data = {
"points": PoolVector2Array( 0, 0, 0, 0, -167.931, 50.2362, 0, 0, 0, 0, -169.478, 18.5113, 0, 0, 0, 0, -165.61, -0.83316, 0, 0, 0, 0, -151.682, -23.2727, 0, 0, 0, 0, -126.921, -115.352 )
}

[sub_resource type="Curve2D" id=17]
_data = {
"points": PoolVector2Array( 0, 0, 0, 0, -167.157, 51.01, 0, 0, 0, 0, -179.538, 4.58328, 0, 0, 0, 0, -175.669, -13.9874, 0, 0, 0, 0, -136.98, -46.4861, 0, 0, 0, 0, -108.35, -48.8074, 0, 0, 0, 0, -77.3988, -23.2727, 0, 0, 0, 0, -71.2086, -17.0825, 0, 0, 0, 0, -20.1393, -23.2727 )
}

[sub_resource type="Curve2D" id=18]
_data = {
"points": PoolVector2Array( 0, 0, 0, 0, -171.8, 53.3313, 0, 0, 0, 0, -174.895, 22.3802, 0, 0, 0, 0, -171.8, -1.60693, 0, 0, 0, 0, -119.183, -34.1056, 0, 0, 0, 0, -85.9104, -54.2238, 0, 0, 0, 0, -61.9233, -59.6403, 0, 0, 0, 0, 1.52655, -107.615 )
}

[sub_resource type="Curve2D" id=19]
_data = {
"points": PoolVector2Array( 0, 0, 0, 0, 153.961, 54.8789, 0, 0, 0, 0, 153.961, 20.0589, 0, 0, 0, 0, 147.771, 2.26196, 0, 0, 0, 0, 125.331, -13.2136, 0, 0, 0, 0, 101.344, -24.8203, 0, 0, 0, 0, 78.1306, -44.1647, 0, 0, 0, 0, 52.5959, -31.7843, 0, 0, 0, 0, 28.6088, -35.6532 )
}

[sub_resource type="Curve2D" id=20]
_data = {
"points": PoolVector2Array( 0, 0, 0, 0, 161.699, 57.974, 0, 0, 0, 0, 164.02, 29.3442, 0, 0, 0, 0, 165.568, 9.22595, 0, 0, 0, 0, 173.305, -17.0825, 0, 0, 0, 0, 174.853, -39.5221, 0, 0, 0, 0, 211.994, -65.8305, 0, 0, 0, 0, 246.04, -85.175, 0, 0, 0, 0, 245.201, -94.5997 )
}

[sub_resource type="Curve2D" id=21]
_data = {
"points": PoolVector2Array( 0, 0, 0, 0, 207.352, 62.6167, 0, 0, 0, 0, 167.115, 26.2491, 0, 0, 0, 0, 153.961, 1.48819, 0, 0, 0, 0, 128.426, -27.1416, 0, 0, 0, 0, 83.5471, -61.9616, 0, 0, 0, 0, 47.1794, -61.9616 )
}

[sub_resource type="Curve2D" id=22]
_data = {
"points": PoolVector2Array( 0, 0, 0, 0, 156.282, 64.938, 0, 0, 0, 0, 166.341, 40.1771, 0, 0, 0, 0, 167.115, -31.7843, 0, 0, 0, 0, 167.115, -31.7843, 0, 0, 0, 0, 189.555, -31.0105, 0, 0, 0, 0, 225.922, -23.2727, 0, 0, 0, 0, 250.683, -20.9514, 0, 0, 0, 0, 253.778, -21.7252 )
}

[sub_resource type="Curve2D" id=23]
_data = {
"points": PoolVector2Array( 0, 0, 0, 0, 149.318, 59.5215, 0, 0, 0, 0, 156.282, 21.6064, 0, 0, 0, 0, 151.64, 1.48819, 0, 0, 0, 0, 213.542, -51.1287, 0, 0, 0, 0, 213.542, -51.1287, 0, 0, 0, 0, 237.529, -55.7714, 0, 0, 0, 0, 249.136, -63.5092 )
}

[sub_resource type="RectangleShape2D" id=24]
extents = Vector2( 446.522, 10 )

[node name="Quai" type="Node2D"]
script = ExtResource( 1 )

[node name="TileMap" type="TileMap" parent="."]
tile_set = ExtResource( 2 )
format = 1
tile_data = PoolIntArray( 65529, 0, 0, 65530, 0, 0, 65531, 0, 0, 65532, 0, 0, 65533, 0, 0, 65534, 0, 0, 65535, 0, 0, 0, 0, 0, 1, 0, 0, 2, 1, 0, 3, 0, 0, 4, 0, 0, 5, 0, 0, 6, 0, 0, 131065, 0, 0, 131066, 0, 0, 131067, 0, 0, 131068, 0, 0, 131069, 0, 0, 131070, 0, 0, 131071, 0, 0, 65536, 0, 0, 65537, 0, 0, 65538, 0, 0, 65539, 0, 0, 65540, 0, 0, 65541, 0, 0, 65542, 0, 0, 196601, 0, 0, 196602, 0, 0, 196603, 0, 0, 196604, 0, 0, 196605, 0, 0, 196606, 0, 0, 196607, 0, 0, 131072, 0, 0, 131073, 0, 0, 131074, 0, 0, 131075, 0, 0, 131076, 0, 0, 131077, 0, 0, 131078, 0, 0 )

[node name="LumierPortes" type="Light2D" parent="."]
position = Vector2( 1.65396, 289.519 )
scale = Vector2( 2.25095, 4.20321 )
texture = ExtResource( 3 )
offset = Vector2( 0, -150 )
energy = 0.7
shadow_enabled = true

[node name="LumiereGlobale" type="Light2D" parent="."]
position = Vector2( -1.60412, 304.632 )
scale = Vector2( 2.25095, 4.20321 )
texture = ExtResource( 3 )
offset = Vector2( 0, -95 )
energy = 1.5

[node name="LightOccluder2D" type="LightOccluder2D" parent="."]
occluder = SubResource( 1 )

[node name="LightOccluder2D2" type="LightOccluder2D" parent="."]
occluder = SubResource( 2 )

[node name="LightOccluder2D3" type="LightOccluder2D" parent="."]
occluder = SubResource( 3 )

[node name="Passants" type="Node2D" parent="."]
editor/display_folded = true

[node name="Passant1" parent="Passants" instance=ExtResource( 4 )]
position = Vector2( 209.303, 69.9468 )

[node name="Passant2" parent="Passants" instance=ExtResource( 4 )]
position = Vector2( 182.009, 86.1548 )

[node name="Passant3" parent="Passants" instance=ExtResource( 4 )]
position = Vector2( 223.569, 29.3994 )

[node name="Passant4" parent="Passants" instance=ExtResource( 4 )]
position = Vector2( 148.299, 72.6568 )

[node name="Passant5" parent="Passants" instance=ExtResource( 4 )]
position = Vector2( 270.203, 88.0181 )

[node name="Passant6" parent="Passants" instance=ExtResource( 4 )]
position = Vector2( -163.477, 83.1143 )

[node name="Passant7" parent="Passants" instance=ExtResource( 4 )]
position = Vector2( -190.79, 41.5709 )

[node name="Passant8" parent="Passants" instance=ExtResource( 4 )]
position = Vector2( -237.179, 28.299 )

[node name="Passant9" parent="Passants" instance=ExtResource( 4 )]
position = Vector2( -103.661, 30.0952 )

[node name="Passant10" parent="Passants" instance=ExtResource( 4 )]
position = Vector2( -146.033, 33.9364 )

[node name="Passant11" parent="Passants" instance=ExtResource( 4 )]
position = Vector2( -225.943, 89.7583 )

[node name="Passant12" parent="Passants" instance=ExtResource( 4 )]
position = Vector2( -107.555, 90.532 )

[node name="Passant13" parent="Passants" instance=ExtResource( 4 )]
position = Vector2( -60.3547, 40.2365 )

[node name="Passant14" parent="Passants" instance=ExtResource( 4 )]
position = Vector2( -30.9511, 99.0436 )

[node name="Passant15" parent="Passants" instance=ExtResource( 4 )]
position = Vector2( -287.072, 75.8303 )

[node name="Passant16" parent="Passants" instance=ExtResource( 4 )]
position = Vector2( 138.506, 123.805 )

[node name="Passant17" parent="Passants" instance=ExtResource( 4 )]
position = Vector2( 223.622, 128.447 )

[node name="Passant18" parent="Passants" instance=ExtResource( 4 )]
position = Vector2( 132.316, 27.0822 )

[node name="Passant19" parent="Passants" instance=ExtResource( 4 )]
position = Vector2( 280.108, 31.7249 )

[node name="Passant20" parent="Passants" instance=ExtResource( 4 )]
position = Vector2( 182.612, 28.6298 )

[node name="Camera2D" type="Camera2D" parent="."]

[node name="Chemins" type="Node2D" parent="."]
editor/display_folded = true

[node name="Chemin1" type="Path2D" parent="Chemins"]
position = Vector2( 99.1117, -0.479691 )
scale = Vector2( 0.321636, 1.02857 )
curve = SubResource( 4 )

[node name="Chemin2" type="Path2D" parent="Chemins"]
position = Vector2( -17.3933, 21.702 )
scale = Vector2( 1.07802, 1.21465 )
curve = SubResource( 5 )

[node name="Chemin3" type="Path2D" parent="Chemins"]
curve = SubResource( 6 )

[node name="Chemin4" type="Path2D" parent="Chemins"]
curve = SubResource( 7 )

[node name="Chemin5" type="Path2D" parent="Chemins"]
curve = SubResource( 8 )

[node name="Chemin6" type="Path2D" parent="Chemins"]
position = Vector2( -13.8943, -0.803383 )
scale = Vector2( 0.925353, 0.750951 )
curve = SubResource( 9 )

[node name="Chemin7" type="Path2D" parent="Chemins"]
curve = SubResource( 10 )

[node name="Chemin8" type="Path2D" parent="Chemins"]
curve = SubResource( 11 )

[node name="Chemin9" type="Path2D" parent="Chemins"]
curve = SubResource( 12 )

[node name="Chemin10" type="Path2D" parent="Chemins"]
curve = SubResource( 13 )

[node name="Chemin11" type="Path2D" parent="Chemins"]
curve = SubResource( 14 )

[node name="Chemin12" type="Path2D" parent="Chemins"]
curve = SubResource( 15 )

[node name="Chemin13" type="Path2D" parent="Chemins"]
curve = SubResource( 16 )

[node name="Chemin14" type="Path2D" parent="Chemins"]
curve = SubResource( 17 )

[node name="Chemin15" type="Path2D" parent="Chemins"]
curve = SubResource( 18 )

[node name="Chemin16" type="Path2D" parent="Chemins"]
curve = SubResource( 19 )

[node name="Chemin17" type="Path2D" parent="Chemins"]
curve = SubResource( 20 )

[node name="Chemin18" type="Path2D" parent="Chemins"]
curve = SubResource( 21 )

[node name="Chemin19" type="Path2D" parent="Chemins"]
curve = SubResource( 22 )

[node name="Chemin20" type="Path2D" parent="Chemins"]
curve = SubResource( 23 )

[node name="Bordure" type="StaticBody2D" parent="."]
collision_layer = 2
collision_mask = 2

[node name="CollisionShape2D" type="CollisionShape2D" parent="Bordure"]
shape = SubResource( 24 )
